Map: Thunderbird LE

Players

pHARM

  • Race: Zerg Zerg
  • League: Platinum
  • Spawn Location: 5:00

StimThruIT - Winner!

  • Race: Zerg Zerg
  • League: Platinum
  • Spawn Location: 11:00

VOD

Have the link to the VOD?

Description

Time

  • Played on: Sept. 8, 2019, 9:13 p.m.
  • Length: 4:25
Show
View Real Time Build Order
Export as new Build Order

pHARM Zerg 

Build Orders: Hatch First 

Get SALT Encoding   

  12  0:01  Drone  
  13  0:14  Overlord  
  13  0:18  Drone  
  14  0:32  Drone x2  
  16  0:50  Hatchery  
  16  0:56  Drone x2  
  17  0:59  Drone  
  18  1:15  Spawning Pool  
  17  1:18  Drone  
  17  1:22  Drone  
  19  1:31  Drone  
  20  1:45  Drone, Extractor  
  20  2:01  Overlord  
  20  2:06  Queen x2  
  20  2:08  Drone x2  
  26  2:19  Drone x2  
  28  2:30  Drone  
  28  2:31  Drone  
  30  2:39  Overlord, Drone  
  31  2:51  Metabolic Boost  
  31  2:54  Zergling x2  
  31  2:55  Zergling x2  
  33  3:02  Zergling x4  
  35  3:12  Baneling Nest  
  33  3:24  Queen  
  33  3:25  Queen  
  37  3:27  Overlord  
  37  3:34  Zergling x4  
  37  3:35  Drone  
  37  3:36  Drone x3  
  37  3:38  Overlord x2  
  43  4:06  Drone x4  
  43  4:07  Drone x7  
Show
View Real Time Build Order
Export as new Build Order

StimThruIT Zerg - Winner!

Build Orders: Hatch First 

Get SALT Encoding   

  12  0:00  Drone  
  13  0:12  Overlord  
  13  0:16  Drone  
  14  0:31  Drone x2  
  14  0:34  Drone  
  17  0:53  Hatchery  
  17  0:56  Drone  
  17  0:58  Drone  
  18  1:12  Spawning Pool  
  18  1:13  Extractor  
  18  1:16  Drone  
  17  1:19  Drone  
  18  1:28  Drone  
  19  1:59  Queen  
  19  2:00  Zergling x2  
  22  2:02  Overlord  
  22  2:09  Zergling x2, Queen  
  22  2:10  Zergling x2  
  22  2:15  Metabolic Boost  
  26  2:28  Overlord  
  26  2:29  Zergling x2  
  28  2:30  Zergling x4  
  29  2:48  Zergling x2  
  29  2:49  Zergling x6  
  33  2:59  Overlord x2  
  33  3:14  Baneling Nest  
  33  3:17  Zergling x10  
  37  3:32  Zergling x2  
  37  3:33  Zergling x8  
  42  3:45  Zergling x2  
  42  3:46  Zergling x8  
Tags
 
Add a new tag
Caveats
  • Supply blocks, unpowered buildings, or Contaminate may cause inaccurate times.
  • Supply counts are checked every 10 seconds.